 Dungeon Crawl Stone Soup version 0.30-a0-859-gf88a04b62d (webtiles) character file.

Game seed: 14247680285263642655

2535 NotreDorf the Spear-Bearer (level 9, -10/72 HPs)
             Began as a Merfolk Gladiator on Mar 6, 2023.
             Was a Follower of Dithmenos.
             Mangled by a cyclops (15 damage)
             ... on level 7 of the Dungeon.
             The game lasted 00:24:20 (6599 turns).

NotreDorf the Spear-Bearer (Merfolk Gladiator)      Turns: 6599, Time: 00:24:20

Health: -10/72     AC: 13    Str: 18    XL:     9   Next: 55%
Magic:  9/9        EV: 16    Int:  7    God:    Dithmenos [*.....]
Gold:   264        SH:  0    Dex: 16    Spells: 8/8 levels left

rFire   . . .      SeeInvis +    B - +0 halberd (protect)
rCold   . . .      Faith    .    (shield currently unavailable)
rNeg    . . .      Spirit   .    b - +0 leather armour
rPois   .          Reflect  .    c - +0 helmet
rElec   .          Rampage  .    (no cloak)
rCorr   .                        p - +0 pair of gloves
Will    .....                    y - +0 pair of boots
Stlth   ++++                     (no amulet)
HPRegen 0.32/turn                H - ring of see invisible
MPRegen 0.11/turn                (no ring)

@: under a protective aura, wreathed by umbra
A: (nimble swimmer 2), mertail
a: Renounce Religion


You were on level 7 of the Dungeon.
You worshipped Dithmenos.
Dithmenos was aware of your devotion.
You visited 2 branches of the dungeon, and saw 8 of its levels.

You collected 524 gold pieces.
You spent 260 gold pieces at shops.

Inventory:

Hand Weapons
 o - a +2 trident of protection
 x - the +7 short sword of the Glamorous God {vamp, *Rage rElec rPois Int+2}
   (You found it on level 3 of the Dungeon)

   Int:       It affects your intelligence (+2).
   rElec:     It insulates you from electricity.
   rPois:     It protects you from poison.
   *Rage:     It berserks you when you make melee attacks (+20% chance).
 B - a +0 halberd of protection (weapon)
 E - a +0 halberd of distortion
Missiles
 d - 2 throwing nets (quivered)
 e - a javelin
 f - 14 poisoned darts
Armour
 b - a +0 leather armour (worn)
 c - a +0 helmet (worn)
 p - a +0 pair of gloves (worn)
 y - a +0 pair of boots (worn)
 G - a +1 robe of cold resistance
Jewellery
 H - a ring of see invisible (left hand)
Wands
 n - a wand of paralysis (15)
 v - a wand of polymorph (11)
Scrolls
 a - a scroll of blinking {unknown}
 g - a scroll of acquirement {unknown}
 h - 2 scrolls of magic mapping {unknown}
 i - a scroll of enchant armour {unknown}
 k - 2 scrolls of summoning {unknown}
 l - 3 scrolls of immolation {unknown}
 s - 2 scrolls of identify {unknown}
 u - a scroll of amnesia {unknown}
 w - 4 scrolls of enchant weapon {unknown}
 A - 2 scrolls of vulnerability {unknown}
 C - a scroll of fear {unknown}
Potions
 j - a potion of brilliance {unknown}
 m - a potion of might {unknown}
 q - a potion of cancellation {unknown}
 r - 2 potions of magic {unknown}
 t - 5 potions of curing
 z - a potion of ambrosia {unknown}
 D - a potion of invisibility {unknown}
 F - a potion of attraction {unknown}


   Skills:
 + Level 7.3 Fighting
 + Level 9.3 Polearms
 - Level 2.0 Throwing
 + Level 9.3 Dodging
 + Level 7.1 Stealth


You had 8 spell levels left.
You didn't know any spells.
Your spell library contained the following spells:

 Spells                   Type           Power      Damage    Failure   Level
 Beastly Appendage        Tmut           0%         N/A       50%         1
 Slow                     Hex            0%         N/A       50%         1
 Wereblood                Tmut           0%         N/A       63%         2
 Confusing Touch          Hex            0%         N/A       86%         3
 Inner Flame              Hex/Fire       0%         N/A       86%         3
 Spider Form              Tmut/Pois      0%         N/A       86%         3
 Vampiric Draining        Necr           0%         2d6       86%         3
 Flame Wave               Conj/Fire      0%         2d4       99%         4
 Sticky Flame             Conj/Fire      0%         2d3       99%         4


Dungeon Overview and Level Annotations

Branches:
Dungeon (7/15)             Temple (1/1) D:6

Altars:
Ashenzari
Cheibriados
Dithmenos
Elyvilon
Fedhas
Gozag
Hepliaklqana
Makhleb
Nemelex Xobeh
Qazlal
Ru
Vehumet
Wu Jian
Xom
Yredelemnul
Zin
The Shining One

Shops:
D:3 [=:*!   D:4 *   D:7 *


Innate Abilities, Weirdness & Mutations

((You are very nimble when in or above water. (Stealth+, EV+, Speed+++)))
Your lower body shifts to a powerful aquatic tail in water.


Message History

The iguana hisses angrily.
The cyclops moves out of view.
The cyclops shouts!
You hit the iguana.
Your weapon exudes an aura of protection.
The iguana is lightly wounded.
The iguana bites you.
You slash the iguana!
The iguana is severely wounded.
The iguana misses you.
You hit the iguana.
The iguana is almost dead.
The iguana closely misses you.
You closely miss the iguana.
The iguana is almost dead.
The iguana barely misses you.
You slash the iguana!
You kill the iguana!
Dithmenos accepts your kill.
The cyclops throws a large rock.
The large rock hits you!!
You see here an iguana corpse.
You slash the cyclops!
The cyclops is lightly wounded.
The cyclops hits you but does no damage.
You slash the cyclops!
The cyclops is moderately wounded.
The cyclops hits you!!
You hit the cyclops but do no damage.
The cyclops is moderately wounded.
You barely miss the cyclops.
The cyclops is moderately wounded.
The cyclops barely misses you.
You slash the cyclops!
The cyclops is heavily wounded.
The cyclops hits you!!
* * * LOW HITPOINT WARNING * * *
You barely miss the cyclops.
The cyclops is heavily wounded.
The cyclops hits you!
You die...

#.## ##.#..........#
#..# #..#...........
##.## ##.#...........
#..## ##...##########
#...## #..### #....
#..##. ###.# #.###
#..##.#.##.# ##.
#...##C.#..# #..
#..##.@###.##### #.#
#..##.#.##.....# #.#
#...##.##...##.###.#
#....#.#....##.....###
##.#..#..#.######....#
#.##.#.#..# #...##.##
#....#...## #.####..#
##...#..######.# ##.#
#..###.# #....# #..


You could see a cyclops.

Vanquished Creatures
  A troll (D:7)
  Prince Ribbit (D:6)
  Edmund (D:6)
  A water moccasin (D:5)
  A black bear (D:6)
  An orc warrior (D:6)
  2 sky beasts
  3 ogres (D:5)
  A centaur (D:7)
  2 phantoms (D:4)
  3 bullfrogs (D:6)
  Blork the orc (D:6)
  A gnoll sergeant (D:6)
  3 scorpions
  A jelly (D:5)
  A hound (D:7)
  5 iguanas
  2 orc wizards
  Ijyb (D:3)
  13 gnolls
  6 adders
  A shadow imp (D:5)
  2 ufetubi
  3 worms
  A dart slug (D:2)
  7 orcs
  9 ball pythons
  5 bats
  8 endoplasms
  A giant cockroach (D:1)
  8 goblins
  6 hobgoblins
  3 jackals (D:4)
  4 quokkas
  6 frilled lizards
  8 kobolds
  6 rats
129 creatures vanquished.

Notes
Turn   | Place    | Note
-------+----------+-------------------------------------------
     0 | D:1      | NotreDorf the Merfolk Gladiator began the quest for the
                  | Orb.
     0 | D:1      | Reached XP level 1. HP: 16/16 MP: 1/1
   121 | D:1      | Reached XP level 2. HP: 14/23 MP: 2/2
   221 | D:1      | Reached XP level 3. HP: 14/28 MP: 3/3
  1240 | D:2      | Reached XP level 4. HP: 35/35 MP: 4/4
  1432 | D:2      | Reached skill level 5 in Polearms
  1586 | D:2      | Reached skill level 1 in Stealth
  1854 | D:2      | Reached skill level 5 in Dodging
  2016 | D:3      | Found Diudwo's Distillery.
  2019 | D:3      | Bought a potion of curing for 30 gold pieces
  2019 | D:3      | Bought a potion of heal wounds for 50 gold pieces
  2029 | D:3      | Found Muidublu's General Store.
  2049 | D:3      | Reached XP level 5. HP: 27/41 MP: 5/5
  2107 | D:3      | Noticed Ijyb
  2116 | D:3      | Found Wemmirgho's Book Boutique.
  2164 | D:3      | Found Agoff's Jewellery Shop.
  2220 | D:3      | Killed Ijyb
  2246 | D:3      | Found a stormy altar of Qazlal.
  2386 | D:3      | Found Mocoigg's Antique Armour Emporium.
  2473 | D:3      | Identified the +7 short sword of the Glamorous God {vamp,
                  | *Rage rElec rPois Int+2}
  2621 | D:4      | Found Bunur's Lightly-Used Armoury.
  2751 | D:4      | Found a shadowy altar of Dithmenos.
  2809 | D:4      | Became a worshipper of Dithmenos the Shadowed
  2849 | D:4      | Noticed a phantom
  2854 | D:4      | Killed a phantom
  2855 | D:4      | Reached XP level 6. HP: 48/48 MP: 6/6
  3201 | D:4      | Reached XP level 7. HP: 55/55 MP: 7/7
  3450 | D:5      | Entered Level 5 of the Dungeon
  3513 | D:5      | Reached skill level 5 in Fighting
  3541 | D:5      | Found an opulent altar of Gozag.
  3600 | D:5      | Reached XP level 8. HP: 61/62 MP: 8/8
  3695 | D:5      | Found a snail-covered altar of Cheibriados.
  3766 | D:5      | Reached * piety under Dithmenos
  4192 | D:6      | Found a basalt altar of Yredelemnul.
  4219 | D:6      | Found a staircase to the Ecumenical Temple.
  4236 | D:6      | Reached skill level 5 in Stealth
  4308 | Temple   | Entered the Ecumenical Temple
  5051 | D:6      | Noticed Prince Ribbit
  5067 | D:6      | Killed Prince Ribbit
  5068 | D:6      | Reached XP level 9. HP: 71/71 MP: 9/9
  5131 | D:6      | Noticed Edmund
  5142 | D:6      | Killed Edmund
  5465 | D:6      | Noticed Blork the orc
  5475 | D:6      | Killed Blork the orc
  5665 | D:7      | Found a glowing golden altar of the Shining One.
  5695 | D:7      | Found Mufimall's Assorted Antiques.
  5814 | D:3      | Bought a ring of see invisible for 180 gold pieces
  6106 | D:7      | Noticed a troll
  6127 | D:7      | HP: 2/72 [troll (7)]
  6354 | D:7      | Killed a troll
  6585 | D:7      | Noticed a cyclops
  6599 | D:7      | Mangled by a cyclops

Illustrated notes

Levels and vault maps discovered:
D:1:      dpeg_arrival_rooms_with_view, layout_basic
D:2:      layout_loops_corners, minmay_crystal_room
D:3:      layout_basic, mainiacjoe_overflow_cross_hatched, serial_shops,
          nicolae_shop_stone, nicolae_shop_behind_doors,
          nicolae_shop_advertising_works [nicolae_subvault_shop_adworks],
          nicolae_shop_window_shopping, nicolae_shop_statue_plus, serial_glass,
          glass_columns_b, glass_columns_a, glass_columns_a, glass_columns_a,
          glass_columns_a, glass_columns_b, item_on_display_a,
          minmay_strange_pillars, item_on_display_a, uniq_ijyb
D:4:      minmay_chambers_of_twos, layout_cave_pods,
          mainiacjoe_overflow_catwalk, minmay_shop_damaged
D:5:      layout_rooms, grunt_gozag_statues, cheibriados_altar_1,
          solitary_fountain, kennysheep_pointless_box,
          hangedman_decor_diamond_cutter, minivault_14, minmay_misc_feat_room
D:6:      layout_basic, mainiacjoe_overflow_boulevard, minmay_temple_entry_tees,
          uniq_prince_ribbit1, uniq_blork_the_orc, uniq_edmund
D:7:      layout_rooms, overflow_temple_1_default, serial_shops,
          nicolae_shop_crystal, minmay_manual_macuahuitl
Temple:   minmay_temple_curvy_loop

Skill      XL: |  1  2  3  4  5  6  7  8  9 |
---------------+----------------------------+-----
Fighting       | 3 4 5 6 7 |  7.3
Polearms       | 5 6 7 8 9 |  9.3
Stealth        | 1 2 3 4 6 7 |  7.1
Dodging        | 5 6 7 8 9 |  9.3
Throwing       | |  2.0

Action                     |  1- 3 |  4- 6 |  7- 9 || total
---------------------------+-------+-------+-------++-------
  Melee: Trident           |    98 |   137 |    43 ||   278
         Punch             |     1 |     1 |       ||     2
         Halberd           |       |       |   249 ||   249
  Throw: Throwing net      |       |       |     1 ||     1
  Evoke: Wand              |       |       |     4 ||     4
    Use: Potion            |       |       |     4 ||     4
   Stab: Sleeping          |     4 |    12 |    11 ||    27
         Paralysed         |       |       |     4 ||     4
 Armour: Leather armour    |    18 |    28 |    98 ||   144
  Dodge: Dodged            |    50 |    71 |   238 ||   359

Table legend: (Time is in decaauts)
 A = Elapsed time spent in this place.
 B = Non-inter-level travel time spent in this place.
 C = Inter-level travel time spent in this place.
 D = Time resting spent in this place.
 E = Time spent auto-exploring this place.
 F = Levels seen in this place.
 G = Mean time per level.
                   A        B        C        D        E       F      G
               +--------+--------+--------+--------+--------+-----+--------+
         Total |   6614 |   6184 |    430 |    166 |   4732 |   8 |  826.8 |
       Dungeon |   6292 |   5886 |    406 |    166 |   4439 |   7 |  898.9 |
        Temple |    321 |    297 |     24 |      0 |    293 |   1 |  321.0 |
               +--------+--------+--------+--------+--------+-----+--------+

Top non-repeatable levels by time:
     D:6: 1349 daAuts
     D:1: 1138 daAuts
     D:4: 967 daAuts
     D:2: 814 daAuts
     D:5: 779 daAuts
     D:3: 627 daAuts
     D:7: 614 daAuts
  Temple: 321 daAuts
